 Dungeon Crawl Stone Soup version 0.30-a0-629-gd54f4be4f7 (webtiles) character file.

Game seed: 16834806239943738726

9163 arthad the Nimble (level 11, -2/53 HPs)
             Began as a Felid Summoner on Jan 13, 2023.
             Was an Initiate of Gozag.
             Slain by a blink frog (19 damage)
             ... on level 2 of the Lair of Beasts.
             The game lasted 01:12:22 (17189 turns).

arthad the Nimble (Felid Summoner)                 Turns: 17189, Time: 01:12:22

Health: -2/53      AC:  2    Str:  4    XL:     11   Next: 19%
Magic:  16/33      EV: 25    Int: 21    God:    Gozag
Gold:   3154       SH:  0    Dex: 17    Spells: 2/27 levels left
                                        Lives:  0   Deaths: 3

rFire   . . .      SeeInvis +    (weapon unavailable)
rCold   . . .      Faith    .    (shield unavailable)
rNeg    . . .      Spirit   .    (body armour unavailable)
rPois   .          Reflect  .    (helmet unavailable)
rElec   .          Harm     .    (cloak unavailable)
rCorr   .          Rampage  .    (gloves unavailable)
Will    +....                    (boots unavailable)
Stlth   ++                       (no amulet)
HPRegen 0.28/turn                p - ring of wizardry
MPRegen 0.23/turn                q - ring of magical power

@: marked, gold aura, quick
A: very small, claws 1, fangs 3, see invisible, speed 1, shaggy fur 2, stealthy
paws, no weapons or thrown items, no armour, multi-lived
a: Renounce Religion, Potion Petition, Call Merchant, Bribe Branch


You were on level 2 of the Lair of Beasts.
You worshipped Gozag.
Gozag was most pleased with you.
You visited 3 branches of the dungeon, and saw 17 of its levels.

You collected 3679 gold pieces.
You paid 525 gold pieces to Gozag.

Inventory:

Jewellery
 h - a ring of fire
 p - a ring of wizardry (left paw)
 q - a ring of magical power (right paw)
 u - a +5 ring of evasion
 x - a ring of resist corrosion
 y - a ring of protection from cold
 M - a ring of positive energy
 N - a +6 ring of dexterity
Wands
 l - a wand of roots (12)
 E - a wand of flame (24)
 F - a wand of charming (7)
 L - a wand of quicksilver (2)
 O - a wand of mindburst (7)
Scrolls
 b - 3 scrolls of torment
 d - 2 scrolls of blinking
 g - 5 scrolls of immolation
 j - 3 scrolls of noise {unknown}
 m - 9 scrolls of teleportation {unknown}
 n - 3 scrolls of poison {unknown}
 r - 3 scrolls of enchant armour {unknown}
 s - 3 scrolls of fear {unknown}
 t - 3 scrolls of amnesia {unknown}
 z - 2 scrolls of enchant weapon {unknown}
 D - a scroll of fog {unknown}
 G - a scroll of brand weapon {unknown}
 H - 2 scrolls of magic mapping {unknown}
 I - a scroll of silence {unknown}
 P - 2 scrolls of vulnerability {unknown}
Potions
 a - 4 potions of magic
 c - 2 potions of heal wounds
 e - 4 potions of flight
 f - 5 potions of curing
 k - a potion of berserk rage
 o - 4 potions of ambrosia
 v - 3 potions of attraction
 w - 2 potions of cancellation
 A - a potion of might
 B - a potion of mutation
 C - 3 potions of lignification
 K - a potion of invisibility


   Skills:
 + Level 9.2 Fighting
 + Level 12.2 Dodging
 - Level 2.6 Stealth
 + Level 8.7 Spellcasting
 - Level 5.0 Hexes
 + Level 10.5 Summonings
 + Level 3.7 Translocations
 + Level 2.8 Transmutations
 + Level 8.4 Air Magic


You had 2 spell levels left.
You knew the following spells:

 Your Spells              Type           Power      Damage    Failure   Level
a - Summon Small Mammal   Summ           100%       N/A       1%          1
b - Call Imp              Summ           52%        N/A       1%          2
c - Call Canine Familiar  Summ           52%        N/A       1%          3
d - Summon Guardian Gole  Hex/Summ       41%        N/A       1%          3
e - Summon Lightning Spi  Summ/Air       49%        N/A       1%          4
f - Tukima's Dance        Hex            30%        N/A       1%          3
g - Passage of Golubria   Tloc           24%        N/A       6%          4
h - Yara's Violent Unrav  Hex/Tmut       12%        3d7       16%         5

Your spell library contained the following spells:

 Spells                   Type           Power      Damage    Failure   Level
 Ensorcelled Hibernation  Hex/Ice        38%        N/A       1%          2
 Passwall                 Tmut/Erth      12%        N/A       2%          2
 Foxfire                  Conj/Fire      36%        2x1d5     3%          1
 Freeze                   Ice            36%        1d5       3%          1
 Swiftness                Air            44%        N/A       1%          3
 Frozen Ramparts          Ice            18%        1d3       9%          3
 Hailstorm                Conj/Ice       9%         3d4       9%          3
 Fireball                 Conj/Fire      4%         3d4       58%         5
 Spellforged Servitor     Conj/Summ      15%        N/A       94%         7
 Starburst                Conj/Fire      4%         6d4       98%         6
 Orb of Destruction       Conj           4%         9d5       100%        7
 Borgnjor's Revivificati  Necr           4%         N/A       100%        8
 Necromutation            Tmut/Necr      7%         N/A       100%        8
 Death's Door             Necr           4%         N/A       100%        9


Dungeon Overview and Level Annotations

Branches:
Dungeon (14/15)            Temple (1/1) D:4            Lair (2/5) D:10
    Orc (0/2) D:10
  Swamp: Lair:2-3    Shoals: Lair:2-3     Snake: Lair:2-3    Spider: Lair:2-3
 Vaults: D:13-14

Altars:
Ashenzari
Cheibriados
Dithmenos
Elyvilon
Fedhas
Gozag
Hepliaklqana
Kikubaaqudgha
Makhleb
Nemelex Xobeh
Okawaru
Qazlal
Ru
Sif Muna
Trog
Uskayaw
Vehumet
Wu Jian
Xom
Yredelemnul
Zin
The Shining One

Shops:
D:3 :   D:14 [   Lair:1 :


Innate Abilities, Weirdness & Mutations

You have sharp claws.
You have razor-sharp teeth.
You have supernaturally acute eyesight. (SInv)
You cover ground quickly. (Speed+)
You are covered in thick fur. (AC +2)
Your paws help you pounce on unaware monsters.
You are incapable of wielding weapons or throwing items.
You cannot wear armour.
You gain extra lives every three experience levels.


Message History

Your bat hits the cane toad. The cane toad closely misses you.
Your bat hits the cane toad but does no damage.
The wolf is distracted by your dazzling golden aura.
The blink frog is distracted by your dazzling golden aura.
The cane toad misses you.
Your bat hits the cane toad.
The cane toad is distracted by your dazzling golden aura.
The cane toad gives a loud, deep croak!
The blink frog croaks.
The blink frog is no longer distracted by gold.
Your bat barely misses the wolf.
The blink frog is no longer distracted by gold.
Your bat closely misses the blink frog.
The blink frog blinks!
The wolf is no longer distracted by gold.
Your bat closely misses the blink frog.
Casting: Summon Small Mammal (safe; 1% risk of failure)
Confirm with . or Enter, or press ? or * to list all spells.
Your bat hits the cane toad but does no damage.
Casting: Call Canine Familiar (safe; 1% risk of failure)
Confirm with . or Enter, or press ? or * to list all spells.
A guardian golem appears, shielding your allies.
The cane toad is no longer distracted by gold.
Your bat hits the cane toad but does no damage.
The wolf barely misses you.
The blink frog is engulfed in blazing flames.
The blink frog misses you.
Your warg bites the blink frog.
Casting: Summon Guardian Golem (safe; 1% risk of failure)
Confirm with . or Enter, or press ? or * to list all spells.
An electric hum fills the air.
The wolf bites you!
The cane toad completely misses your lightning spire.
The blink frog is engulfed in blazing flames.
The blink frog hits you!
Your warg bites the blink frog!
The blink frog dies!
Your bat closely misses the cane toad.
The wolf closely misses you. The wolf attacks as you move away!
The wolf bites you.
Your bat hits the cane toad but does no damage.
The cane toad is engulfed in blazing flames.
You swap places.
The wolf bites your warg. The blink frog hits you!!
You die...
Your body crumbles into a pile of gold.

#.P........#
#........P## $
+[.#.......#
####......##
####'####
#.##.### #.....#
###§P### ##@#F##
# ##h#F$.#####.#
#.hF9○......#
##.☼........##
#.8....b....P#
#...+...........#
###.#..........##
# ###.###+##..#
### ###


You could see a blink frog, a wolf (ally target), a friendly guardian golem
(summoned), a friendly warg (summoned, sheltered), a friendly lightning spire
(summoned, sheltered) and a friendly bat (summoned, sheltered).

Vanquished Creatures
  A troll (D:10)
  4 electric eels (D:10)
  A hound (D:5)
  2 orc priests
  A bat (D:1)
  A giant cockroach (D:1)
  A goblin (D:3)
  A quokka (D:1)
  A rat (D:1)
13 creatures vanquished.

Vanquished Creatures (collateral kills)
  Azrael (D:13)
  A boulder beetle (D:11)
  A deep elf pyromancer (D:13)
  4 cyclopes
  Maurice (D:9)
  An unseen horror (D:11)
  A kobold demonologist (D:12)
  A komodo dragon (shapeshifter) (D:13)
  2 komodo dragons
  2 trolls
  10 blink frogs
  Prince Ribbit (D:7)
  16 yaks
  A shadow (D:9)
  A vampire (D:10)
  A wyvern (Lair:2)
  A steam dragon (D:9)
  3 fire elementals (D:13)
  5 vampire mosquitoes
  4 water moccasins
  An acid dragon (D:12)
  2 orc warriors
  2 black bears
  2 ice beasts (D:6)
  A wolf (D:10)
  An ogre (D:7)
  2 phantoms
  2 centaurs
  2 kobold brigands (D:10)
  9 bullfrogs
  A scorpion (D:5)
  A necrophage (D:4)
  9 wights
  6 killer bees
  2 howler monkeys (D:12)
  3 jellies
  6 orc priests
  5 hounds
  6 iguanas
  6 orc wizards
  2 gnolls (D:5)
  6 adders
  2 white imps (D:6)
  2 worms (D:2)
  3 dart slugs
  36 orcs
  5 bats
  3 endoplasms
  4 giant cockroaches
  5 goblins
  12 hobgoblins
  6 jackals (D:4)
  16 kobolds
  2 quokkas
  8 ball pythons
  3 frilled lizards
  8 rats
250 creatures vanquished.

Vanquished Creatures (others)
  A slime creature (D:11)
  Fannar (D:12)
  A boulder beetle (D:12)
  A centaur warrior (D:13)
  2 two-headed ogres
  A gargoyle (D:12)
  A blink frog (Lair:2)
  7 yaks
  A vampire mosquito (D:12)
  4 orc warriors
  3 wolves
  A bullfrog (D:6)
  A wight (D:9)
  6 killer bees
  A hound (D:10)
  An orc priest (D:8)
  A jelly (D:6)
  2 iguanas (D:6)
  2 orc wizards
  An adder (D:6)
  7 orcs
  3 kobolds (D:10)
  3 fungi (Lair:1)
  18 plants
70 creatures vanquished.

Grand Total: 333 creatures vanquished

Notes
Turn   | Place    | Note
-------+----------+-------------------------------------------
     0 | D:1      | arthad the Felid Summoner began the quest for the Orb.
     0 | D:1      | Reached XP level 1. HP: 7/7 MP: 4/4
   289 | D:1      | Reached XP level 2. HP: 11/11 MP: 0/6
   292 | D:1      | Learned a level 2 spell: Call Imp
   729 | D:1      | Found a faded altar of an unknown god.
  1235 | D:2      | Reached skill level 5 in Summonings
  1300 | D:2      | Reached XP level 3. HP: 14/14 MP: 2/7
  1304 | D:2      | Learned a level 3 spell: Call Canine Familiar
  1776 | D:2      | Found a hazy altar of Hepliaklqana.
  1857 | D:2      | Reached skill level 1 in Hexes
  1897 | D:2      | Reached skill level 3 in Dodging
  1963 | D:2      | Reached XP level 4. HP: 15/18 MP: 3/8
  2636 | D:3      | Found Joenas's Book Shoppe.
  2815 | D:3      | Reached skill level 1 in Fighting
  2830 | D:3      | Reached skill level 1 in Air Magic
  3284 | D:4      | Reached XP level 5. HP: 22/22 MP: 7/9
  3480 | D:4      | Found a staircase to the Ecumenical Temple.
  3502 | Temple   | Entered the Ecumenical Temple
  3694 | Temple   | Became a worshipper of Gozag Ym Sagoz the Greedy
  3713 | D:4      | Learned a level 3 spell: Summon Guardian Golem
  4063 | D:4      | Reached skill level 4 in Dodging
  4063 | D:4      | Gained mutation: You are covered in thick fur. (AC +2)
                  | [Felid growth]
  4063 | D:4      | Reached XP level 6. HP: 26/26 MP: 11/11
  4274 | D:4      | Found a basalt altar of Yredelemnul.
  4276 | D:4      | Noticed a profane servitor
  4281 | D:4      | Found a glowing golden altar of the Shining One.
  4283 | D:4      | Noticed an angel
  4433 | D:4      | Found a hide-covered altar of Uskayaw.
  4548 | D:5      | Entered Level 5 of the Dungeon
  4662 | D:5      | Slain by a phantom
  4663 | D:5      | Reached XP level 5. HP: 0/22 MP: 7/19
  4909 | D:5      | Killed a phantom
  4910 | D:5      | Reached XP level 6. HP: 26/26 MP: 11/11
  5440 | D:5      | Reached XP level 7. HP: 30/30 MP: 13/13
  5628 | D:5      | Found an iron altar of Okawaru.
  5911 | D:6      | Reached skill level 5 in Dodging
  6381 | D:6      | Reached skill level 5 in Hexes
  6381 | D:6      | Reached XP level 8. HP: 34/34 MP: 14/14
  6494 | D:6      | Reached skill level 6 in Dodging
  7081 | D:6      | Learned a level 4 spell: Summon Lightning Spire
  7624 | D:7      | Noticed Prince Ribbit
  7647 | D:7      | Killed Prince Ribbit
  8006 | D:7      | Found a radiant altar of Vehumet.
  8124 | D:7      | Found a white marble altar of Elyvilon.
  8285 | D:8      | Reached XP level 9. HP: 39/39 MP: 16/17
  8325 | D:8      | Reached skill level 7 in Dodging
  8447 | D:8      | Reached skill level 5 in Spellcasting
  8670 | D:8      | Reached skill level 5 in Fighting
  8963 | D:8      | Found a blossoming altar of Fedhas.
  8987 | D:8      | Found a stormy altar of Qazlal.
  9541 | D:9      | Reached skill level 5 in Air Magic
  9658 | D:9      | Noticed Maurice
  9669 | D:9      | Killed Maurice
  9670 | D:9      | Reached skill level 8 in Dodging
  9870 | D:9      | Reached XP level 10. HP: 45/45 MP: 19/20
 10207 | D:9      | Reached skill level 9 in Dodging
 10409 | D:10     | Entered Level 10 of the Dungeon
 11242 | D:10     | Found an ancient bone altar of Kikubaaqudgha.
 11336 | D:10     | Found a staircase to the Lair.
 11345 | D:10     | Noticed a two-headed ogre
 11356 | D:10     | Killed a two-headed ogre
 11357 | D:10     | Reached skill level 10 in Dodging
 11357 | D:10     | Reached XP level 11. HP: 50/50 MP: 22/22
 11590 | D:10     | Found a staircase to the Orcish Mines.
 11611 | D:10     | Found a bloodstained altar of Trog.
 11920 | D:11     | Noticed a boulder beetle
 12007 | D:11     | Killed a boulder beetle
 13074 | D:11     | Reached skill level 11 in Dodging
 13698 | D:12     | Learned a level 3 spell: Tukima's Dance
 13703 | D:12     | Learned a level 4 spell: Passage of Golubria
 13709 | D:12     | Learned a level 5 spell: Yara's Violent Unravelling
 13709 | D:12     | Noticed a boulder beetle
 13729 | D:12     | HP: 2/51 [boulder beetle (25)]
 13739 | D:12     | Killed a boulder beetle
 13893 | D:12     | Killed from afar by an acid dragon
 13894 | D:12     | Reached XP level 10. HP: -15/49 MP: 24/32
 13995 | D:12     | Noticed Fannar
 14142 | D:12     | Killed Fannar
 14143 | D:12     | Reached skill level 10 in Summonings
 14143 | D:12     | Reached XP level 11. HP: 52/52 MP: 24/24
 15064 | D:13     | Noticed a centaur warrior
 15071 | D:13     | Killed a centaur warrior
 15205 | D:13     | Noticed a deep elf pyromancer
 15222 | D:13     | Killed a deep elf pyromancer
 15499 | D:13     | Noticed a two-headed ogre
 15519 | D:13     | Killed a two-headed ogre
 15520 | D:13     | Reached skill level 1 in Translocations
 15520 | D:13     | Reached skill level 1 in Transmutations
 15671 | D:13     | Noticed Azrael
 15682 | D:13     | Killed Azrael
 15706 | D:12     | Slain by a fire elemental
 15707 | D:12     | Reached XP level 10. HP: -4/49 MP: 10/32
 15862 | D:13     | Reached skill level 12 in Dodging
 16006 | D:14     | Noticed a tengu warrior
 16048 | D:14     | Found Qourrory's Antique Armour Boutique.
 16050 | D:14     | Noticed a tengu warrior
 16270 | Lair:1   | Entered Level 1 of the Lair of Beasts
 16328 | Lair:1   | Identified a scroll of acquirement
 16328 | Lair:1   | Acquired 739 gold pieces
 16586 | Lair:1   | Reached XP level 11. HP: 53/53 MP: 24/24
 17189 | Lair:2   | Slain by a blink frog

Illustrated notes

Levels and vault maps discovered:
D:1:      pf_arrival_petrified_forest, layout_basic,
          dilly_ecumenical_altar_fadedgnrine, fountainhead
D:2:      layout_loops_ring, basic_altar, kennysheep_generic_room_10
D:3:      layout_basic, serial_shops, shop
D:4:      layout_loops_cross, lemuel_coloured_pillars_altar,
          grunt_temple_overflow_holy_war, minmay_temple_entry_drinking_statues
D:5:      wander_river, layout_loops_ring, okawaru_altar_gauntlet_db,
          serial_bayou_ford_a, uniq_crazy_yiuf_cottage
D:6:      layout_loops_corners, eino_small_chamber_without_monster,
          minmay_fractal_squares_5
D:7:      layout_cave_pools, mainiacjoe_overflow_alcove_2,
          nicolae_elyvilon_temple_path, uniq_prince_ribbit1
D:8:      layout_loops_ring, grunt_temple_overflow_forces_of_nature,
          lemuel_flamethrower_2
D:9:      layout_basic, uniq_maurice
D:10:     layout_basic, mainiacjoe_overflow_small_starburst,
          mainiacjoe_overflow_concentric_impassable, erik_lair_island,
          orc_0_dummy
D:11:     layout_loops_ring
D:12:     layout_roguey, serial_corexii_hall, corexii_hall_statues_i,
          corexii_hall_statues_l, portal_ice_cave_entry_pillars_2, uniq_fannar
D:13:     layout_gridville, uniq_azrael
D:14:     layout_basic, hangedman_vaults_entry_quadrant_bands, serial_shops,
          shop, shop, nicolae_shop_bloodbath_and_beyond, shop, shop,
          minmay_misc_feat_iff, due_unseen_surprise, uniq_jorgrun
Temple:   nicolae_temple_bog_church
Lair:1:   layout_roguey
Lair:2:   layout_roguey [special_room_bee], minmay_shoals_entry_hut,
          nicolae_snake_entry_warm_welcome, gammafunk_ghost_wrathful_warriors,
          grunt_forest_small_clearings

Skill      XL: |  1  2  3  4  5  6  7  8  9 10 11 |
---------------+----------------------------------+-----
Summonings     | 5 6 7 8 10 | 10.5
Hexes          | 1 3 4 5 |  5.0
Dodging        | 3 4 5 6 8 12 11 | 12.2
Fighting       | 1 2 3 4 6 9 8 |  9.2
Air Magic      | 1 2 3 4 5 6 8 |  8.4
Spellcasting   | 3 4 6 7 8 |  8.7
Translocations | 3 2 |  3.7
Transmutations | 2 1 |  2.8
Stealth        | |  2.6

Action                   |  1- 3 |  4- 6 |  7- 9 | 10-12 || total
-------------------------+-------+-------+-------+-------++-------
Melee: Unarmed           |    19 |     2 |     5 |     6 ||    32
       Bite              |     1 |       |       |     2 ||     3
       Punch             |       |       |       |     1 ||     1
 Cast: Summon Small Mamm |    61 |    61 |    62 |    50 ||   234
       Call Imp          |     9 |    27 |    21 |    20 ||    77
       Call Canine Famil |     4 |    24 |    36 |    48 ||   112
       Summon Guardian G |       |     1 |    19 |    52 ||    72
       Summon Lightning  |       |       |    19 |    82 ||   101
       Passage of Golubr |       |       |       |     2 ||     2
       Tukima's Dance    |       |       |       |     1 ||     1
Invok: Call Merchant     |       |       |       |     1 ||     1
Evoke: Wand              |       |     1 |       |    20 ||    21
  Use: Scroll            |       |     4 |     3 |     8 ||    15
       Potion            |       |     2 |     1 |     3 ||     6
 Stab: Distracted        |       |     1 |       |       ||     1
Armor: Skin              |     3 |     2 |       |     8 ||    13
Dodge: Dodged            |    33 |    51 |    31 |    93 ||   208

Table legend: (Time is in decaauts)
 A = Elapsed time spent in this place.
 B = Non-inter-level travel time spent in this place.
 C = Inter-level travel time spent in this place.
 D = Time resting spent in this place.
 E = Time spent auto-exploring this place.
 F = Levels seen in this place.
 G = Mean time per level.
                   A        B        C        D        E       F      G
               +--------+--------+--------+--------+--------+-----+--------+
         Total |  15319 |  14831 |    488 |    189 |  11498 |  17 |  901.1 |
       Dungeon |  14352 |  13880 |    472 |    189 |  10684 |  14 | 1025.1 |
        Temple |    170 |    166 |      4 |      0 |    150 |   1 |  170.0 |
          Lair |    797 |    785 |     12 |      0 |    663 |   2 |  398.5 |
               +--------+--------+--------+--------+--------+-----+--------+

Top non-repeatable levels by time:
     D:6: 1518 daAuts
    D:11: 1462 daAuts
    D:10: 1320 daAuts
    D:12: 1308 daAuts
     D:5: 1165 daAuts
    D:13: 1156 daAuts
     D:1: 1071 daAuts
     D:8: 1066 daAuts
     D:4: 1029 daAuts
     D:3: 921 daAuts
     D:2: 845 daAuts
     D:9: 814 daAuts
  Lair:1: 759 daAuts
     D:7: 662 daAuts
  Temple: 170 daAuts
